AoeStats
← Faku GT

Arena

509079912Analyzed
1v1 RM · 6d ago on Sep 25, 2026· 31m 21s· 2 players
Game mode
Random Map
Map size
Tiny (2 player)
Population
200
Speed
Normal
Resources
Standard
Victory
Conquest
Starting age
Dark Age
Ending age
Imperial Age
RankedLock teamsTeams togetherTeam positionsShared explorationLock speedFull tech treeHidden civsTurbo modeCheats
Victory
Defeat
🇨🇳 Turks · China
902
+17
🇦🇷 Spanish · Argentina
923
-17
zekzhang1995
7:23 Loom
12:10 Feudal Age
16:11 Castle Age
14:02 Double-Bit Axe
14:09 Stone Mining
14:01 Horse Collar
17:04 Bow Saw
16:55 Heavy Plow
25:10 Imperial Age
22:52 Gold Mining
24:38 Gold Shaft Mining
27:29 Town Watch
30:24 Elite Janissary
31:16 Padded Archer Armor
Faku GT
11:14 Feudal Age
11:56 Double-Bit Axe
11:53 Horse Collar
18:15 Castle Age
16:57 Loom
17:06 Gold Mining
17:06 Stone Mining
18:52 Wheelbarrow
19:14 Bow Saw
22:27 Stone Shaft Mining
24:23 Bloodlines
24:14 Husbandry
25:16 Redemption
25:16 Fervor
25:34 Sanctity
25:18 Devotion
25:24 Heavy Plow
26:46 Bloodlines
26:36 Husbandry
26:48 Forging
27:20 Hand Cart
32:22 Imperial Age
30:11 Bloodlines
30:01 Husbandry
30:45 Forging
30:40 Scale Barding Armor
30:27 Fletching
30:37 Padded Archer Armor
31:12 Town Watch
Connection lost

Rejoining the realm…

Still unreachable

The connection could not be restored.

Session expired

The server has moved on; the page needs a fresh start.